 Dungeon Crawl Stone Soup version 0.20-a0-1089-g3fde505 (webtiles) character file.

70 Patate the Chiller (level 4, 0/31 HPs)
             Began as a Demonspawn Ice Elementalist on May 3, 2017.
             Slain by a gnoll
             ... wielding a +0 flail
              (14 damage)
             ... on level 1 of the Dungeon on May 4, 2017.
             The game lasted 00:07:53 (1791 turns).

Patate the Chiller (Demonspawn Ice Elementalist)    Turns: 1791, Time: 00:07:53

Health: 0/31       AC:  6    Str:  8    XL:     4   Next: 4%
Magic:  1/8        EV: 12    Int: 18    God:
Gold:   134        SH:  0    Dex: 13    Spells: 6/9 levels left

rFire    . . .     SeeInvis .   (no weapon)
rCold    . . .     Gourm    .   (no shield)
rNeg     . . .     Faith    .   a - +0 robe
rPois    .         Spirit   .   (no helmet)
rElec    .         Reflect  .   (no cloak)
rCorr    .         Harm     .   (no gloves)
MR       .....                  (no boots)
Stlth    ++........             (no amulet)
Regen    0.1/turn               (no ring)
MPRegen  0.2/turn               (no ring)

@: flying
A: claws 1, iridescent scales 2
a: no special abilities


You were on level 1 of the Dungeon.
You were very hungry.

You visited 1 branch of the dungeon, and saw 2 of its levels.

You collected 134 gold pieces.

Inventory:

Armour
 a - a +0 robe (worn)
Scrolls
 g - a scroll of remove curse {unknown}
 h - a scroll of identify {unknown}
 i - a scroll of enchant weapon {unknown}
Potions
 d - a potion of berserk rage {unknown}
 f - a potion of heal wounds {unknown}
 j - a potion of flight
Books
 b - a book of Frost

   Spells                             Type                      Level
   a - Freeze                         Ice                          1
   b - Throw Frost                    Conjuration/Ice              2
   c - Ozocubu's Armour               Charms/Ice                   3
   d - Throw Icicle                   Conjuration/Ice              4
   e - Summon Ice Beast               Ice/Summoning                4
Comestibles
 c - a bread ration


   Skills:
 + Level 0.6 Fighting
 - Level 1.7 Dodging
 - Level 1.7 Stealth
 * Level 3.2 Spellcasting
 - Level 1.0 Conjurations
 + Level 3.4 Ice Magic


You had 6 spell levels left.
You knew the following spells:

 Your Spells              Type           Power        Failure   Level  Hunger
a - Freeze                Ice            ###.         3%          1    None
b - Throw Frost           Conj/Ice       ##....       10%         2    ##.....


Dungeon Overview and Level Annotations

Branches:
Dungeon (2/15)

Altars:
Ru


Innate Abilities, Weirdness & Mutations

You have sharp fingernails.
You are mostly covered in iridescent scales. (AC +4)


Message History

You feel clever.
Your demonic ancestry asserts itself...
Iridescent scales spread over more of your body.
Casting: Freeze
Confirm with . or Enter, or press ? or * to list all spells.
Okay, then.
It was a potion of flight.
You feel very buoyant.
You fly up into the air.
The gnoll hits you but does no damage.
There is an escape hatch in the ceiling here.
The gnoll misses you. A mysterious force pulls you upwards.
The hatch slams shut behind you.
Casting: Freeze
Confirm with . or Enter, or press ? or * to list all spells.
Aiming: Freeze
Press: ? - help, Shift-Dir - straight line, f - gnoll
Aim: a gnoll, wielding a flail You freeze the gnoll.
The gnoll is moderately wounded.
The gnoll hits you with a flail!
You die...

.................###..##### #..
..(..######.##........#########..
.....######..##..................
....................###########..
#..########....###..######## #..
...## ##....#.###.##......## ###
.#..####.....#.#...#........##
..........##...#g#...........####
..........#....#@#...............
.##.####.....>...#..............>
###.# #.).....####..............
# #.####)......# #.........)....
#..#....#.#..#####........#....
##........#....##........)..(..
##...#...#.#..รท...........(...
###>...#......##...........###
####.....##.#.##..#......(....#


You could see a gnoll.

Vanquished Creatures
  A gnoll (D:2)
  2 adders (D:2)
  An ooze (D:2)
  2 leopard geckos (D:1)
  A giant cockroach (D:1)
  2 hobgoblins (D:2)
  7 jackals (D:1)
  A quokka (D:2)
  2 ball pythons (D:1)
  6 bats
  4 frilled lizards
  3 kobolds
  5 rats
37 creatures vanquished.

Notes
Turn   | Place    | Note
-------+----------+-------------------------------------------
     0 | D:1      | Patate the Demonspawn Ice Elementalist began the quest for the Orb.
     0 | D:1      | Reached XP level 1. HP: 13/13 MP: 3/3
   237 | D:1      | Gained mutation: You are partially covered in iridescent scales. (AC +2) [demonic ancestry]
   237 | D:1      | Reached XP level 2. HP: 19/19 MP: 1/5
   603 | D:1      | Learned a level 2 spell: Throw Frost
  1226 | D:2      | Found a sacrificial altar of Ru.
  1253 | D:2      | Gained mutation: You have sharp fingernails. [demonic ancestry]
  1253 | D:2      | Reached XP level 3. HP: 22/24 MP: 5/7
  1778 | D:2      | Gained mutation: You are mostly covered in iridescent scales. (AC +4) [demonic ancestry]
  1778 | D:2      | Reached XP level 4. HP: 13/31 MP: 0/8
  1791 | D:1      | Slain by a gnoll

Vault maps used:
D:1:      sevenhm_arrival_forest_fort_large_2
D:2:      first_bread, hangedman_ru_absence

Skill      XL: |  1  2  3 |
---------------+----------+-----
Ice Magic      | 3 |  3.4
Spellcasting   | 3 |  3.2
Fighting       | |  0.6
Dodging        | |  1.7
Stealth        | |  1.7
Conjurations   | |  1.0

Action                   |  1- 3 |  4- 6 || total
-------------------------+-------+-------++-------
Melee: Unarmed           |    69 |       ||    69
 Cast: Freeze            |    41 |     2 ||    43
       Throw Frost       |     5 |       ||     5
  Use: Potion            |     2 |     1 ||     3
       Scroll            |     1 |       ||     1
 Stab: Sleeping          |     2 |       ||     2
  Eat: Chunk             |     2 |       ||     2
Armor: Robe              |    53 |       ||    53
Dodge: Dodged            |   106 |     1 ||   107
